 Dungeon Crawl Stone Soup version 0.25-a0-1113-g0499d652a8 (webtiles) character file.

Game seed: 533477428726594148, levelgen mode: deterministic

350 Flugslaktarn the Chopper (level 6, -4/57 HPs)
             Began as a Deep Dwarf Fighter on May 16, 2020.
             Slain by an ogre
             ... wielding a +0 giant spiked club
              (7 damage)
             ... on level 4 of the Dungeon.
             The game lasted 00:00:46 (1001 turns).

Flugslaktarn the Chopper (Deep Dwarf Fighter)       Turns: 1001, Time: 00:00:46

Health: -4/57      AC:  7    Str: 22    XL:     6   Next: 33%
Magic:  5/5        EV:  7    Int:  8    God:
Gold:   37         SH: 10    Dex: 12    Spells: 5/5 levels left

rFire    . . .     SeeInvis .   a - +0 war axe
rCold    . . .     Gourm    .   c - +0 kite shield
rNeg     . . .     Faith    .   b - +0 scale mail
rPois    .         Spirit   .   (no helmet)
rElec    .         Reflect  .   (no cloak)
rCorr    .         Harm     .   (no gloves)
MR       .....                  (no boots)
Stlth    ..........             l - amulet of inaccuracy (curse)
HPRegen  0.00/turn              (no ring)
MPRegen  0.09/turn              (no ring)

@: non-regenerating
A: damage resistance, heal wounds, sense surroundings 1, no regeneration
a: Heal Wounds


You were on level 4 of the Dungeon.
You were not hungry.

You visited 1 branch of the dungeon, and saw 4 of its levels.

You collected 37 gold pieces.

Inventory:

Hand Weapons
 a - a +0 war axe (weapon)
Armour
 b - a +0 scale mail (worn)
 c - a +0 kite shield (worn)
Jewellery
 l - a cursed amulet of inaccuracy (around neck)
   (You found it on level 3 of the Dungeon)
Scrolls
 h - 4 scrolls of identify {unknown}
 j - 3 scrolls of remove curse {unknown}
 k - 2 scrolls of amnesia {unknown}
 m - a scroll of magic mapping {unknown}
Potions
 d - a potion of might
 g - a potion of stabbing {unknown}
 i - a potion of cancellation {unknown}
 n - 3 potions of invisibility {unknown}
Comestibles
 e - 3 rations
 f - 2 chunks of flesh


   Skills:
 + Level 3.7 Fighting
 * Level 4.9 Axes
 + Level 4.6 Armour
 + Level 4.5 Shields


You had 5 spell levels left.
You didn't know any spells.
Your spell library was empty.

Dungeon Overview and Level Annotations

Branches:
Dungeon (4/15)
 Temple: D:4-7

Altars:
Elyvilon
Kikubaaqudgha

Annotations:
D:3 1 transporter
D:4 Eustachio


Innate Abilities, Weirdness & Mutations

You are resistant to damage.
You can heal yourself by infusing magical energy.
You passively map a small area around you.
You do not regenerate.


Message History

You miss the adder.
You hear an angry hiss.
You block the adder's attack.
A centaur skeleton comes into view.
The ogre hits you with a +0 giant club! The adder bites you but does no damage.
Your scale mail prevents you from hitting the quokka skeleton.
The quokka skeleton is heavily damaged.
You closely miss the ogre. You miss the adder.
You block the quokka skeleton's attack. The adder bites you but does no damage.
You block the ogre's attack.
You closely miss the ogre.
The ogre is moderately wounded.
You closely miss the adder. You slash the ogre! You block the adder's attack.
An adder comes into view.
The adder completely misses you.
Eustachio gestures wildly while chanting.
The ogre hits you with a +0 giant club!!
* * * LOW HITPOINT WARNING * * *
The ogre hits you with a +0 giant spiked club!
You die...

#.#.......# #.. ,
#.#.......# ##.. **
#.. #.#.......###..,,
##55. #.........##..#
.#...#
###.......##..#*,.5@.#
#.......##..# #)8?##
#.#.........##lsZ..#*
#.#.#######.#OOZ# *
####+#.### #..@S# , *
.........# #...## * ,*
......##.# #.#.S. ,, ,
......+..# #.#.#... ,
......#### #.#.#.+...
####### #.#.# # ..
#.#.# *# * #.#.#
########## * ,


You could see Eustachio, 2 ogres, a scorpion, a quasit (summoned), a crimson imp
(summoned), 2 adders, an ufetubus (summoned), a frilled lizard, a quokka
skeleton and a centaur skeleton.

Vanquished Creatures
  An ogre (D:4)
  A phantom (D:3)
  2 orc wizards (D:4)
  Ijyb (D:3)
  A worker ant (D:4)
  An adder (D:4)
  2 oozes (D:1)
  2 worms (D:2)
  3 leopard geckos
  2 orcs (D:4)
  4 bats
  A giant cockroach (D:3)
  4 goblins
  3 hobgoblins
  10 jackals
  7 kobolds
  A quokka (D:2)
  2 ball pythons
  A frilled lizard (D:3)
  2 rats
51 creatures vanquished.

Notes
Turn   | Place    | Note
-------+----------+-------------------------------------------
     0 | D:1      | Flugslaktarn the Deep Dwarf Fighter began the quest for the
                  | Orb.
     0 | D:1      | Reached XP level 1. HP: 20/20 MP: 1/1
    75 | D:1      | Reached XP level 2. HP: 22/27 MP: 2/2
   206 | D:2      | Reached XP level 3. HP: 18/33 MP: 3/3
   405 | D:3      | Found a white marble altar of Elyvilon.
   419 | D:3      | Found a transporter.
   419 | D:3      | Noticed a phantom
   457 | D:3      | Killed a phantom
   457 | D:3      | Reached XP level 4. HP: 34/42 MP: 3/3
   504 | D:3      | Found an ancient bone altar of Kikubaaqudgha.
   516 | D:3      | Reached XP level 5. HP: 40/49 MP: 4/4
   518 | D:3      | Noticed Ijyb
   538 | D:3      | Killed Ijyb
   600 | D:4      | Noticed an ogre
   610 | D:4      | Killed an ogre
   610 | D:4      | Reached XP level 6. HP: 51/57 MP: 5/5
   998 | D:4      | Noticed Eustachio
  1001 | D:4      | Slain by an ogre

Illustrated notes

Levels and vault maps discovered:
D:1:      minmay_arrival_plants_in_alcoves, layout_loops_ring, serial_glass,
          glass_columns_a, glass_columns_a, glass_columns_a, glass_columns_a,
          glass_columns_b, glass_columns_b, glass_columns_b, glass_columns_b,
          glass_columns_a, glass_columns_a, minivault_25, minmay_tetromino_i2
D:2:      layout_basic, first_ration, serial_corexii_hall,
          chequers_hall_statues_corner_a, corexii_hall_statues_u,
          corexii_hall_statues_l, corexii_hall_statues_l,
          minmay_misc_feat_diagonals
D:3:      gammafunk_steamed_eel, layout_rooms,
          grunt_temple_overflow_order_and_chaos_2, lemuel_doored_altar,
          nicolae_overflow_hidden_temple, kiku_gazebo_garden_becter,
          minmay_misc_feat_ornament, uniq_ijyb
D:4:      layout_basic, minmay_circle_x, uniq_eustachio

Skill      XL: |  1  2  3  4  5 |
---------------+----------------+-----
Axes           | 3 4 |  4.9
Fighting       | 3 |  3.7
Armour         | 4 |  4.6
Shields        | 4 |  4.5

Action                   |  1- 3 |  4- 6 || total
-------------------------+-------+-------++-------
Melee: War axe           |    96 |   124 ||   220
 Abil: Heal Wounds       |     2 |     1 ||     3
  Eat: Chunk             |       |     1 ||     1
Armor: Scale mail        |    44 |    61 ||   105
Dodge: Dodged            |    41 |    36 ||    77
Block: Kite shield       |    62 |    95 ||   157

Table legend:
 A = Non-vault XP
 B = Vault XP
 C = Vault XP percentage of total XP
 D = Non-vault monster count
 E = Vault monster count
 F = Vault count percentage of total count
                 A         B        C        D         E       F
            +---------+---------+-------+---------+---------+-------
      Total |     432 |      68 |  13.6 |      49 |       2 |   3.9
            +---------+---------+-------+---------+---------+-------
        D:1 |      40 |       0 |   0.0 |      16 |       0 |   0.0
        D:2 |      27 |       0 |   0.0 |      12 |       0 |   0.0
        D:3 |     129 |      36 |  21.8 |       8 |       1 |  11.1
        D:4 |     236 |      32 |  11.9 |      13 |       1 |   7.1
            +---------+---------+-------+---------+---------+-------
